 Dungeon Crawl Stone Soup version 0.28-a0-1143-gcf6077d4cc (webtiles) character file.

Game seed: 12304635141361719352

143 leviel the Chopper (level 5, -2/47 HPs)
             Began as a Hill Orc Fighter on Dec 13, 2021.
             Was a Believer of Nemelex Xobeh.
             Slain by an orc warrior (10 damage)
             ... on level 3 of the Dungeon.
             The game lasted 00:03:02 (3005 turns).

leviel the Chopper (Hill Orc Fighter)               Turns: 3005, Time: 00:03:02

Health: -2/47      AC:  9    Str: 21    XL:     5   Next: 25%
Magic:  5/5        EV:  9    Int:  8    God:    Nemelex Xobeh [**....]
Gold:   114        SH:  4    Dex: 10    Spells: 4/4 levels left

rFire   . . .      SeeInvis .   a - +0 war axe
rCold   . . .      Faith    .   c - +0 buckler
rNeg    . . .      Spirit   .   b - +0 scale mail
rPois   .          Reflect  .   q - +1 hat
rElec   .          Harm     .   (no cloak)
rCorr   .          Rampage  .   j - +0 pair of gloves
Will    .....                   (no boots)
Stlth   ..........              (no amulet)
HPRegen 0.15/turn               (no ring)
MPRegen 0.09/turn               (no ring)

@: mighty
A: no striking features
a: Renounce Religion, Draw Escape, Draw Destruction, Draw Summoning


You were on level 3 of the Dungeon.
You worshipped Nemelex Xobeh.
Nemelex Xobeh was pleased with you.
You visited 1 branch of the dungeon, and saw 3 of its levels.

You collected 114 gold pieces.

Inventory:

Hand Weapons
 a - a +0 war axe (weapon)
Missiles
 o - 12 poisoned darts (quivered)
 p - a throwing net
Armour
 b - a +0 scale mail (worn)
 c - a +0 buckler (worn)
 j - a +0 pair of gloves (worn)
 q - a +1 hat (worn)
Jewellery
 k - a ring of flight
 l - a +4 ring of slaying
Scrolls
 m - a scroll of fog
 n - a scroll of vulnerability
Potions
 e - a potion of curing
 f - a potion of ambrosia


   Skills:
 + Level 4.6 Fighting
 + Level 4.8 Axes
 + Level 3.9 Armour
 + Level 0.7 Dodging
 + Level 0.1 Stealth
 + Level 3.7 Shields


You had 4 spell levels left.
You didn't know any spells.
Your spell library contained the following spells:

 Spells                   Type           Power      Damage    Failure   Level
 Summon Lightning Spire   Summ/Air       0%         N/A       100%        4
 Storm Form               Tmut/Air       0%         N/A       100%        7
 Maxwell's Capacitive Co  Air            0%         ∞         100%        8


Dungeon Overview and Level Annotations

Branches:
Dungeon (3/15)

Altars:
Nemelex Xobeh
Sif Muna

Shops:
D:3 (


Message History

The orc is lightly wounded.
The orc hits you with a +0 trident.
You closely miss the orc.
The orc is lightly wounded.
The orc warrior hits you from afar with a +0 glaive!
The orc closely misses you.
You are too injured to fight recklessly!
You are too injured to fight recklessly!
You are too injured to fight recklessly!
You are too injured to fight recklessly!
You are too injured to fight recklessly!
You are too injured to fight recklessly!
You are too injured to fight recklessly!
You are too injured to fight recklessly!
You are too injured to fight recklessly!
You are too injured to fight recklessly!
You are too injured to fight recklessly!
You are too injured to fight recklessly!
You are too injured to fight recklessly!
You feel very mighty all of a sudden. The orc warrior completely misses you.
The orc hits you with a +0 trident.
You slice the orc!!
You kill the orc!
The orc warrior hits you from afar with a +0 glaive.
You block the orc warrior's attack.
The orc warrior hits you with a +0 glaive!
* * * LOW HITPOINT WARNING * * *
Things that are here:
a +0 trident; 3 boomerangs You hit the orc warrior.
The orc warrior is lightly wounded.
You block the orc warrior's attack.
You hit the orc warrior but do no damage.
The orc warrior is lightly wounded.
You block the orc warrior's attack.
You closely miss the orc warrior.
The orc warrior is lightly wounded.
The orc warrior hits you with a +0 glaive!
You die...
Your body glows slightly and disappears.

*,,,,,,,,,*,,,,*
*###***************
*...,,,,,,,,,,,,,,>
*#.#***************
#.# #.# #o# #o# #@#
#.# #.#
#^###########
#.>.........#
###########.# #.#
##.## #...#


You could see an orc warrior and an orc.

Vanquished Creatures
  A gnoll shaman (D:3)
  3 gnolls (D:3)
  An adder (D:2)
  3 worms
  2 dart slugs
  An orc (D:3)
  4 bats
  5 endoplasms
  A giant cockroach (D:1)
  3 goblins
  4 hobgoblins
  7 jackals
  6 quokkas
  7 ball pythons
  4 frilled lizards (D:1)
  3 kobolds
  9 rats
64 creatures vanquished.

Notes
Turn   | Place    | Note
-------+----------+-------------------------------------------
     0 | D:1      | leviel the Hill Orc Fighter began the quest for the Orb.
     0 | D:1      | Reached XP level 1. HP: 19/19 MP: 1/1
   152 | D:1      | Reached XP level 2. HP: 24/27 MP: 2/2
   397 | D:1      | Found a faded altar of an unknown god.
   432 | D:1      | Reached XP level 3. HP: 33/33 MP: 3/3
   440 | D:1      | Prayed at the altar of an unknown god.
   440 | D:1      | Became a worshipper of Nemelex Xobeh the Trickster
   440 | D:1      | Reached * piety under Nemelex Xobeh
   440 | D:1      | Received a gift from Nemelex Xobeh
  1470 | D:2      | Received a gift from Nemelex Xobeh
  1738 | D:2      | Reached XP level 4. HP: 38/40 MP: 4/4
  2309 | D:2      | Reached ** piety under Nemelex Xobeh
  2385 | D:2      | Found a shimmering blue altar of Sif Muna.
  2489 | D:3      | Reached XP level 5. HP: 24/47 MP: 5/5
  2919 | D:3      | Found Qeqashrubb's Antique Weapon Shoppe.
  2995 | D:3      | Noticed an orc warrior
  3005 | D:3      | Slain by an orc warrior

Illustrated notes

Levels and vault maps discovered:
D:1:      co_arrival_random_square_maze, layout_loops_corners,
          ebering_ecumenical_altar_hall
D:2:      layout_basic, basic_altar, minmay_misc_feat_rows
D:3:      layout_basic, serial_shops, shop, uniq_natasha

Skill      XL: |  1  2  3 |
---------------+----------+-----
Fighting       | 4 |  4.6
Axes           | 3 4 |  4.8
Armour         | |  3.9
Dodging        | |  0.7
Stealth        | |  0.1
Shields        | |  3.7

Action                   |  1- 3 |  4- 6 || total
-------------------------+-------+-------++-------
Melee: War axe           |   128 |    62 ||   190
  Use: Scroll            |       |     6 ||     6
       Potion            |       |     1 ||     1
Armor: Scale mail        |    62 |    17 ||    79
Dodge: Dodged            |    60 |    29 ||    89
Block: Buckler           |    31 |    18 ||    49

Table legend: (Time is in decaauts)
 A = Elapsed time spent in this place.
 B = Non-inter-level travel time spent in this place.
 C = Inter-level travel time spent in this place.
 D = Time resting spent in this place.
 E = Time spent auto-exploring this place.
 F = Levels seen in this place.
 G = Mean time per level.
                   A        B        C        D        E       F      G
               +--------+--------+--------+--------+--------+-----+--------+
         Total |   3067 |   2880 |    187 |    195 |   2255 |   3 | 1022.3 |
       Dungeon |   3067 |   2880 |    187 |    195 |   2255 |   3 | 1022.3 |
               +--------+--------+--------+--------+--------+-----+--------+

Top non-repeatable levels by time:
     D:1: 1280 daAuts
     D:2: 1228 daAuts
     D:3: 559 daAuts
